 Dungeon Crawl Stone Soup version 0.20.0-15-g7f486f2 (webtiles) character file.

97 KleinerIrrer the Shooter (level 4, 0/35 HPs)
             Began as a Barachi Hunter on June 25, 2017.
             Slain by KleinerIrrer's ghost (1 damage)
             ... on level 3 of the Dungeon.
             The game lasted 00:04:50 (1718 turns).

KleinerIrrer the Shooter (Barachi Hunter)           Turns: 1718, Time: 00:04:50

Health: 0/35       AC:  4    Str: 10    XL:     4   Next: 68%
Magic:  4/4        EV: 12    Int: 11    God:
Gold:   47         SH:  0    Dex: 14    Spells: 3/3 levels left

rFire    . . .     SeeInvis .   a - +1 shortbow
rCold    . . .     Gourm    .   (shield currently unavailable)
rNeg     . . .     Faith    .   c - +0 leather armour
rPois    .         Spirit   .   (no helmet)
rElec    .         Reflect  .   (no cloak)
rCorr    .         Harm     .   j - +0 pair of gloves
MR       .....                  (no boots)
Stlth    +.........             (no amulet)
Regen    0.2/turn               i - -3 ring of strength (curse)
MPRegen  0.1/turn               q - ring of flight

@: very slightly contaminated, invisible, slow
A: +LOS, swims, slowness 1, strong legs 1
a: Hop, Evoke Flight


You were on level 3 of the Dungeon.
You were not hungry.

You visited 1 branch of the dungeon, and saw 3 of its levels.

You collected 47 gold pieces.

Inventory:

Hand Weapons
 a - a +1 shortbow (weapon)
 b - a +0 short sword
Missiles
 d - 38 arrows (quivered)
Armour
 c - a +0 leather armour (worn)
 j - a +0 pair of gloves (worn)
Jewellery
 i - a cursed -3 ring of strength (left hand)
 q - a ring of flight (right hand)
Scrolls
 e - a scroll of noise
 h - a scroll of teleportation
 m - 2 scrolls of amnesia
Potions
 k - a potion of invisibility
 n - a potion of lignification {unknown}
Comestibles
 f - 3 bread rations
 l - 4 fruits
 o - a meat ration


   Skills:
 + Level 3.3 Fighting
 + Level 5.2 Bows
 + Level 1.6 Armour
 + Level 2.4 Dodging
 - Level 0.8 Stealth


You had 3 spell levels left.
You didn't know any spells.

Dungeon Overview and Level Annotations

Branches:
Dungeon (3/15)

Altars:
The Shining One

Annotations:
D:3 1 transporter, KleinerIrrer's ghost, amateur BaFi


Innate Abilities, Weirdness & Mutations

Shadows flee at your approach. (+LOS)
You can swim through water.
You cover ground slowly.
You can hop short distances.


Message History

KleinerIrrer's ghost is moderately damaged.
KleinerIrrer's ghost closely misses you.
Firing (i - inventory):
d - 40 arrows (quivered)
Press: ? - help, Shift-Dir - straight line, f/p - KleinerIrrer's ghost
Aim: KleinerIrrer's ghost, wielding a weapon of flaming (moderately damaged)
You shoot an arrow. The arrow hits KleinerIrrer's ghost.
KleinerIrrer's ghost is heavily damaged.
KleinerIrrer's ghost whispers, "The ORB doesn't exist."
KleinerIrrer's ghost barely misses you.
Firing (i - inventory):
d - 39 arrows (quivered)
Press: ? - help, Shift-Dir - straight line, f/p - KleinerIrrer's ghost
Aim: KleinerIrrer's ghost, wielding a weapon of flaming (heavily damaged)
You shoot an arrow.
The arrow barely misses KleinerIrrer's ghost.
KleinerIrrer's ghost hits you. KleinerIrrer's ghost burns you.
* * * LOW HITPOINT WARNING * * *
KleinerIrrer's ghost hits you!
* * * LOW HITPOINT WARNING * * *
KleinerIrrer's ghost burns you.
You die...

####.#....)...........#
#######.#.######).######.#####
.....................(.........
########.#(#######..#####.#.###
#.#.# ##.# #.#.# #.#.########.#
#.#.# #.#.#.....##.# #.#.#
#.#.#.###.##.#####.#.#
#.#(#.#@#.#........#.#
#.#.#.#W#.#.#.######.#
#.#.#.#.#.#.#.# ##.###
#.#.#.#.#.#.# #.....
#(#.#.#.#.#.# ##.####
#.#.#.#.#.#.####..)###
#.#..(#.#.#...)..©..((
#.#####.#.#..#########
#(......#.#..# P...P #


You could see KleinerIrrer's ghost.

Vanquished Creatures
  A howler monkey (D:3)
  An adder (D:2)
  An ooze (D:1)
  A worm (D:2)
  2 dart slugs (D:2)
  5 goblins
  5 hobgoblins
  3 jackals (D:1)
  2 quokkas
  3 ball pythons
  2 bats
  2 frilled lizards (D:2)
  6 kobolds
  5 rats
39 creatures vanquished.

Notes
Turn   | Place    | Note
-------+----------+-------------------------------------------
     0 | D:1      | KleinerIrrer the Barachi Hunter began the quest for the Orb.
     0 | D:1      | Reached XP level 1. HP: 17/17 MP: 1/1
   229 | D:1      | Reached XP level 2. HP: 23/23 MP: 2/2
   521 | D:2      | Reached skill level 1 in Armour
   521 | D:2      | Reached XP level 3. HP: 28/28 MP: 3/3
   882 | D:2      | Found a glowing golden altar of the Shining One.
  1191 | D:3      | Reached skill level 5 in Bows
  1191 | D:3      | Reached XP level 4. HP: 23/35 MP: 4/4
  1419 | D:3      | Found a transporter.
  1432 | D:3      | Noticed KleinerIrrer's ghost (amateur BaFi)
  1718 | D:3      | HP: 1/35 [KleinerIrrer's ghost (8)]
  1718 | D:3      | Slain by KleinerIrrer's ghost

Skill      XL: |  1  2  3 |
---------------+----------+-----
Armour         | 1 |  1.6
Fighting       | 3 |  3.3
Bows           | 5 |  5.2
Dodging        | |  2.4
Stealth        | |  0.8

Action                   |  1- 3 |  4- 6 || total
-------------------------+-------+-------++-------
 Fire: Shortbow          |    85 |    36 ||   121
 Abil: Hop               |       |     1 ||     1
  Use: Scroll            |       |     5 ||     5
       Potion            |       |     1 ||     1
  Eat: Chunk             |       |     2 ||     2
       Bread ration      |       |     1 ||     1
Armor: Leather armour    |     7 |     2 ||     9
Dodge: Dodged            |    19 |     8 ||    27
